 Dungeon Crawl Stone Soup version 0.25-a0-547-g27a0b5d1ef (webtiles) character file.

Game seed: 17451923924289618423, levelgen mode: classic

85813 EnegeticOcto the Severer (level 15, 0/147 HPs)
             Began as a Deep Dwarf Fighter on Feb 21, 2020.
             Was the Champion of Makhleb.
             Killed from afar by a green death (7 damage)
             ... with a poison arrow
             ... summoned by the player character
             ... on level 4 of the Spider Nest.
             The game lasted 00:12:07 (14404 turns).

EnegeticOcto the Severer (Deep Dwarf Fighter)      Turns: 14404, Time: 00:12:07

Health: 0/147      AC:  8    Str: 23    XL:     15   Next: 39%
Magic:  2/2        EV:  6    Int: 10    God:    Makhleb [******]
Gold:   727        SH:  0    Dex: 12    Spells: 14/14 levels left

rFire    . . .     SeeInvis .   S - +7 broad axe (drain)
rCold    . . .     Gourm    .   c - +0 kite shield
rNeg     + + +     Faith    .   d - +7 chain mail of Intercession {rElec rN++ Str-2 Slay+3}
rPois    +         Spirit   .   t - +1 helmet
rElec    +         Reflect  .   q - +2 cloak
rCorr    .         Harm     +   (no gloves)
MR       ++...                  (no boots)
Stlth    ..........             E - amulet of harm
HPRegen  0.00/turn              v - ring of poison resistance
MPRegen  0.08/turn              P - +3 ring of protection

@: lethally poisoned (0 -> -78), corroded, held, non-regenerating
A: damage resistance, heal wounds, negative energy resistance 1, sense
surroundings 2, no regeneration
a: Heal Wounds, Minor Destruction, Lesser Servant of Makhleb, Major Destruction,
Greater Servant of Makhleb, Renounce Religion


You were on level 4 of the Spider Nest.
You worshipped Makhleb.
Makhleb was exalted by your worship.
You were not hungry.

You visited 4 branches of the dungeon, and saw 23 of its levels.

You collected 1775 gold pieces.
You spent 1048 gold pieces at shops.

Inventory:

Hand Weapons
 a - a +9 broad axe
 b - a +1 war axe of flaming
 S - a +7 broad axe of draining (weapon)
Missiles
 L - 2 throwing nets (quivered)
Armour
 c - a +0 kite shield (worn)
 d - the +7 chain mail of Intercession (worn) {rElec rN++ Str-2 Slay+3}
   (You bought it in a shop on level 10 of the Dungeon)

   It affects your strength (-2).
   It affects your accuracy and damage with ranged weapons and melee attacks
   (+3).
   It insulates you from electricity.
   It greatly protects you from negative energy.
   If you remove this armour, your AC will decrease by 18 (8 -> -10).
 q - a +2 cloak (worn)
 t - a +1 helmet (worn)
 N - a scarf of repulsion
Jewellery
 i - an uncursed ring of protection from fire
 v - a ring of poison resistance (left hand)
 E - an amulet of harm (around neck)
 M - an uncursed ring of protection from fire
 P - a +3 ring of protection (right hand)
 R - an uncursed ring of protection from cold
 T - an uncursed ring of resist corrosion {unknown}
Wands
 f - a wand of disintegration (20)
 w - a wand of flame (56)
 A - a wand of iceblast (34)
 F - a wand of polymorph (9)
 G - a wand of digging (4) {@v2}
 O - a wand of paralysis (9)
Scrolls
 o - 2 scrolls of blinking {@r3}
 p - 2 scrolls of magic mapping {@r5}
 x - 4 scrolls of enchant armour
 y - 3 scrolls of amnesia
 C - 4 scrolls of teleportation {@r2}
 D - 4 scrolls of fear
 H - a scroll of silence
 K - a scroll of immolation {@r4}
Potions
 g - 2 potions of berserk rage
 h - 3 potions of magic
 j - 4 potions of stabbing {@q5}
 k - 4 potions of might {@q3}
 l - 6 potions of heal wounds {@q2}
 m - 2 potions of resistance {@q6}
 n - 3 potions of haste {@q4}
 r - a potion of invisibility
 s - a potion of curing {@q1}
 u - 3 potions of flight
 z - 3 potions of ambrosia
 B - a potion of cancellation
 I - 2 potions of lignification {@q7}
 Q - a potion of brilliance {unknown}
 U - a potion of mutation {unknown}
Comestibles
 e - 24 rations
 J - 3 chunks of flesh


   Skills:
 * Level 13.0 Fighting
 * Level 15.0 Axes
 + Level 11.3 Armour
 - Level 8.1 Dodging
 + Level 11.2 Shields
 * Level 14.8 Invocations


You had 14 spell levels left.
You didn't know any spells.
Your spell library was empty.

Dungeon Overview and Level Annotations

Branches:
Dungeon (15/15)            Temple (0/1) D:6            Lair (3/6) D:10
 Shoals (0/4) Lair:3       Spider (4/4) Lair:2          Orc (1/2) D:9
 Vaults (0/5) D:14         Depths (0/5) D:15

Altars:
Ashenzari
Cheibriados
Dithmenos
Elyvilon
Fedhas
Hepliaklqana
Kikubaaqudgha
Makhleb
Trog
Vehumet

Shops:
D:4 !   D:6 [   D:10 =[

Annotations:
D:12 1 runed translucent door
Lair:3 exclusion: 3 oklob plants
Spider:4 Aizul, Donald


Innate Abilities, Weirdness & Mutations

You are resistant to damage.
You can heal yourself by infusing magical energy.
You resist negative energy. (rN+)
You passively map the area around you.
You do not regenerate.


Message History

The redback bites you but does no damage.
Your neqoxec hits the redback!
The redback dies!
Makhleb accepts your kill.
Your blizzard demon misses the jumping spider.
Your blizzard demon barely misses the jumping spider.
Your green death hits Aizul!
The redback bites you.
Your crimson imp blinks!
Your white imp closely misses the redback.
Aizul closely misses you.
The jumping spider leaps!
You block the wolf spider's attack. The wolf spider bites you.
You barely miss the redback.
The redback is almost dead.
You slash the jumping spider! You drain the jumping spider! You hit Aizul.
You drain Aizul. You completely miss the wolf spider.
You closely miss the wolf spider.
A jumping spider comes into view.
The jumping spider leaps!
The jumping spider pounces on you but does no damage.
The jumping spider bites you but does no damage.
The redback bites your shadow imp!
Your blizzard demon hits the redback!
Your blizzard demon closely misses the redback.
You block the redback's attack.
A redback comes into view.
The wolf spider hits you! The wolf spider bites you.
You are more poisoned.
The wolf spider poisons you! Aizul barely misses you. The wolf spider hits you!
You block the wolf spider's attack.
The jumping spider leaps!
You are too injured to fight recklessly!
You are too injured to fight recklessly!
You are too injured to fight recklessly!
Your magical essence is drained by the effort!
You feel much better.
You feel very sick.
The jumping spider pounces on your shadow imp!
Your shadow imp dies!
You block the jumping spider's attack.
The jumping spider bites you but does no damage.
The redback barely misses you. The redback barely misses your neqoxec.
You block the redback's attack.
The entropy weaver mumbles some strange words.
The entropic weave corrodes you! The wolf spider hits you!!
The wolf spider bites you but does no damage.
Your white imp gestures at the redback.
The puff of frost misses Aizul.
The puff of frost hits the redback!
The redback dies!
Makhleb accepts your kill. Aizul hits you!
* * * LOW HITPOINT WARNING * * *
The wolf spider hits you!
* * * LOW HITPOINT WARNING * * *
The wolf spider bites you but does no damage.
Your blizzard demon misses the redback.
Your blizzard demon hits the redback!!
An emperor scorpion comes into view.
Your green death completely misses Aizul.
The jumping spider pounces on you!
* * * LOW HITPOINT WARNING * * *
You are caught in a web!
The jumping spider bites you but does no damage.
The redback bites your neqoxec! The redback bites you!
* * * LOW HITPOINT WARNING * * *
You feel much better.
You feel very sick. The wolf spider closely misses you.
The wolf spider bites you!
* * * LOW HITPOINT WARNING * * *
Aizul hits you but does no damage.
A redback comes into view.
The redback bites you!
* * * LOW HITPOINT WARNING * * *
You are lethally poisoned!
The redback poisons you!
A jumping spider comes into view.
The wolf spider hits you but does no damage.
The wolf spider bites you.
* * * LOW HITPOINT WARNING * * *
Your crimson imp blinks!
The redback bites your neqoxec!
Your neqoxec dies!
Your white imp disappears in a puff of smoke!
Your crimson imp disappears in a puff of smoke!
The redback bites you!
* * * LOW HITPOINT WARNING * * *
The jumping spider leaps!
Your blizzard demon gestures at the jumping spider.
The bolt of lightning hits the jumping spider!!
The bolt of lightning hits the redback!!
The redback dies!
Makhleb accepts your kill.
The bolt of lightning misses the jumping spider.
Donald says, "I hate blood."
Aizul casts a spell at you. The poison arrow hits you!
You are more poisoned.
You partially resist.
* * * LOW HITPOINT WARNING * * *
Your green death gestures at Aizul.
The poison arrow misses Aizul.
The poison arrow hits you!
You are more poisoned.
You partially resist.
You die...

, ,, , *..###.
*, , , ....#. ,
, .....§,, , , ,
......### , , ,,
....°.s.## , .
*, *......s..#
... ,,
.....2§s@#^....,
.....2S@s.a....
,
#....°ssss.....,
,
###....sss^...s
, , ,
#..s.##......,,
* #^.?# .^s... ,
.....*, .....° ,
.#.... ...ss ,,
#(### *....^ , *


You could see Aizul, an emperor scorpion, Donald, an entropy weaver, 2 wolf
spiders, 2 orb spiders, 4 jumping spiders, 7 redbacks, a friendly green death
and a friendly blizzard demon.

Vanquished Creatures
  Rupert (D:12)
  Jorgrun (Lair:2)
  Asterion (Lair:2)
  Agnes (D:15)
  3 entropy weavers
  Josephine (D:12)
  An ice dragon (D:15)
  5 hydras
  5 centaur warriors
  A two-headed ogre (D:9)
  Urug (D:12)
  3 skeletal warriors (D:15)
  A deep troll (D:14)
  A shadow wraith (D:14)
  A wizard (D:14)
  2 unseen horrors
  17 ugly things
  3 orc knights
  13 wolf spiders
  5 orb spiders
  A deep elf mage (D:13)
  4 manticores
  An elephant (Lair:3)
  A torpor snail (Spider:2)
  3 cyclopes
  2 merfolk sirens (Lair:3)
  A black mamba (Lair:3)
  4 gargoyles
  5 komodo dragons
  A rime drake (Lair:3)
  A kobold demonologist (D:14)
  A redback zombie (D:13)
  2 spiny frogs
  4 demonic crawlers
  4 tengu conjurers (D:15)
  3 trolls
  2 merfolk (Lair:3)
  3 hornets
  7 blink frogs (Lair:1)
  14 jumping spiders
  A hornet (shapeshifter) (D:15)
  2 meliai zombies (D:14)
  3 slime creatures (D:14)
  4 hippogriffs
  Sigmund (D:4)
  20 redbacks
  13 tarantellas
  Eustachio (D:5)
  5 wyverns
  2 basilisks
  4 wraiths (D:12)
  11 yaks
  A steam dragon (D:8)
  A human (shapeshifter) (D:14)
  A hungry ghost (D:9)
  9 vampire mosquitoes
  Grum (D:8)
  4 wargs
  A soldier ant (D:14)
  5 water moccasins
  6 porcupines
  4 ice beasts
  10 orc warriors
  2 phantoms
  6 sky beasts
  A hornet zombie (D:15)
  4 black bears
  A necrophage (D:10)
  An eye of draining (D:12)
  7 ogres
  An ogre (shapeshifter) (D:14)
  20 centaurs
  6 wolves
  5 big kobolds
  7 crocodiles
  18 bullfrogs
  A gnoll sergeant (D:7)
  A wyvern skeleton (D:9)
  14 scorpions
  9 killer bees
  13 wights
  4 howler monkeys
  4 jellies
  8 crimson imps
  A bullfrog zombie (D:10)
  4 centaur zombies
  A quasit (D:9)
  18 orc priests
  A bullfrog skeleton (D:8)
  8 centaur skeletons
  5 hounds
  15 orc wizards
  5 iguanas
  10 worker ants
  2 hound skeletons
  A hound zombie (D:10)
  Robin (D:4)
  9 gnolls
  3 worker ant zombies
  11 adders
  A shadow imp (D:5)
  5 worms
  A dart slug (D:3)
  2 leopard geckos
  98 orcs
  2 bats (D:2)
  6 giant cockroaches
  12 goblins
  5 hobgoblins
  10 jackals
  22 kobolds
  6 quokkas
  2 ball pythons (D:4)
  4 frilled lizards
  A leopard gecko zombie (D:6)
  A quokka zombie (D:8)
  5 rats
  A fungus (D:10)
653 creatures vanquished.

Vanquished Creatures (collateral kills)
  Snorg (Orc:1)
  An ice dragon (D:15)
  Sonja (Orc:1)
  An orb spider (Spider:2)
  2 wolf spiders (Spider:4)
  A moth of wrath (Spider:2)
  2 jumping spiders (Spider:4)
  5 redbacks
  3 orc warriors (Orc:1)
  An ogre (Orc:1)
  2 orc priests (Orc:1)
  4 orc wizards (Orc:1)
  7 orcs (Orc:1)
31 creatures vanquished.

Vanquished Creatures (others)
  A hydra (D:15)
  An orc wizard (D:3)
  An orc (Orc:1)
  7 fungi (D:10)
  4 plants
14 creatures vanquished.

Grand Total: 698 creatures vanquished

Notes
Turn   | Place    | Note
-------+----------+-------------------------------------------
     0 | D:1      | EnegeticOcto the Deep Dwarf Fighter began the quest for the
                  | Orb.
     0 | D:1      | Reached XP level 1. HP: 20/20 MP: 1/1
   152 | D:2      | Reached XP level 2. HP: 27/27 MP: 2/2
   207 | D:3      | Reached skill level 1 in Dodging
   207 | D:3      | Reached XP level 3. HP: 34/34 MP: 2/2
   212 | D:3      | Reached skill level 3 in Axes
   221 | D:3      | Reached XP level 4. HP: 42/42 MP: 3/3
   512 | D:3      | Found a burning altar of Makhleb.
   524 | D:3      | Became a worshipper of Makhleb the Destroyer
   640 | D:3      | Reached XP level 5. HP: 47/49 MP: 4/4
   657 | D:3      | Found a burning altar of Makhleb.
   744 | D:3      | Reached skill level 1 in Invocations
   904 | D:3      | Found an ancient bone altar of Kikubaaqudgha.
  1068 | D:4      | Reached skill level 4 in Axes
  1068 | D:4      | Reached XP level 6. HP: 30/57 MP: 3/5
  1079 | D:4      | Reached * piety under Makhleb
  1144 | D:4      | Noticed Sigmund
  1201 | D:4      | Killed Sigmund
  1240 | D:4      | Found Dyfahiorr's Distillery.
  1245 | D:4      | Bought a potion of heal wounds for 50 gold pieces
  1262 | D:4      | Reached XP level 7. HP: 53/66 MP: 5/5
  1551 | D:4      | You fall into a shaft and drop 2 floors!
  1595 | D:6      | Reached skill level 5 in Axes
  1687 | D:5      | Entered Level 5 of the Dungeon
  1736 | D:5      | Reached skill level 5 in Fighting
  1764 | D:5      | Reached XP level 8. HP: 60/74 MP: 6/6
  1799 | D:5      | Noticed Eustachio
  1874 | D:5      | Killed Eustachio
  1874 | D:5      | Reached skill level 5 in Shields
  1978 | D:5      | Reached skill level 5 in Armour
  2001 | D:4      | Noticed Robin
  2007 | D:4      | Reached ** piety under Makhleb
  2026 | D:4      | Killed Robin
  2270 | D:4      | Reached skill level 6 in Axes
  2917 | D:6      | Found a staircase to the Ecumenical Temple.
  2951 | D:6      | Found a shadowy altar of Dithmenos.
  2951 | D:6      | Found a hazy altar of Hepliaklqana.
  3185 | D:6      | Gained mutation: You passively map the area around you.
                  | [Deep Dwarf growth]
  3185 | D:6      | Reached XP level 9. HP: 47/82 MP: 5/5
  3392 | D:6      | Found Motos's Antique Armour Shop.
  3594 | D:7      | Reached skill level 7 in Axes
  3761 | D:7      | Reached *** piety under Makhleb
  3761 | D:7      | Reached skill level 5 in Invocations
  4230 | D:7      | Found a shattered altar of Ashenzari.
  4418 | D:8      | Reached skill level 5 in Dodging
  4484 | D:8      | Reached **** piety under Makhleb
  4505 | D:8      | Reached skill level 8 in Axes
  4728 | D:8      | Reached XP level 10. HP: 47/94 MP: 6/6
  4762 | D:8      | Noticed Grum
  4777 | D:8      | Killed Grum
  5095 | D:9      | Reached ***** piety under Makhleb
  5196 | D:9      | Reached skill level 9 in Axes
  5279 | D:9      | Noticed a two-headed ogre
  5291 | D:9      | Killed a two-headed ogre
  5319 | D:9      | Noticed a cyan ugly thing
  5319 | D:9      | Noticed a six-headed hydra
  5331 | D:9      | Killed a one-headed hydra
  5348 | D:9      | Killed a cyan ugly thing
  5359 | D:9      | Reached XP level 11. HP: 87/104 MP: 6/6
  5413 | D:9      | Found a staircase to the Orcish Mines.
  5682 | D:9      | Found a bloodstained altar of Trog.
  5927 | Orc:1    | Entered Level 1 of the Orcish Mines
  5955 | Orc:1    | Noticed Snorg
  5976 | Orc:1    | Killed Snorg
  5976 | Orc:1    | Reached skill level 10 in Axes
  6099 | Orc:1    | Noticed Sonja
  6110 | Orc:1    | Killed Sonja
  6241 | Orc:1    | Noticed an orc knight
  6283 | Orc:1    | Killed an orc knight
  6699 | D:6      | Bought a faintly glowing plate armour for 560 gold pieces
  6709 | D:6      | Identified the cursed +0 plate armour of Discretion {Dex+2}
                  | (You bought it in a shop on level 6 of the Dungeon)
  6789 | D:10     | Entered Level 10 of the Dungeon
  7050 | D:10     | Reached ****** piety under Makhleb
  7077 | D:10     | Found Oddogu's Antique Armour Boutique.
  7096 | D:10     | Bought a faintly humming chain mail for 218 gold pieces
  7106 | D:10     | Identified the +7 chain mail of Intercession {rElec rN++
                  | Str-2 Slay+3} (You bought it in a shop on level 10 of the
                  | Dungeon)
  7144 | D:10     | Found a snail-covered altar of Cheibriados.
  7268 | D:10     | Found a staircase to the Lair.
  7604 | D:10     | Found Waongur's Jewellery Boutique.
  7694 | D:10     | Found a radiant altar of Vehumet.
  7961 | D:10     | Found a blossoming altar of Fedhas.
  8243 | D:11     | Noticed a cyan ugly thing
  8243 | D:11     | Noticed a purple ugly thing
  8243 | D:11     | Noticed a seven-headed hydra
  8249 | D:11     | Killed a cyan ugly thing
  8251 | D:11     | Killed a cyan ugly thing
  8251 | D:11     | Reached skill level 11 in Axes
  8261 | D:11     | Killed a five-headed hydra
  8307 | D:11     | Killed an unseen horror
  8307 | D:11     | Reached XP level 12. HP: 116/116 MP: 5/5
  8672 | D:12     | Noticed Rupert
  8692 | D:12     | Killed Rupert
  8692 | D:12     | Reached skill level 10 in Fighting
  8704 | D:12     | Noticed Urug
  8719 | D:12     | Killed Urug
  8767 | D:12     | Found a runed translucent door.
  8767 | D:12     | Found a white marble altar of Elyvilon.
  8767 | D:12     | Noticed an angel
  8947 | D:12     | Noticed Josephine
  8951 | D:12     | Killed Josephine
  9308 | D:12     | Reached skill level 12 in Axes
  9339 | D:13     | Noticed a centaur warrior
  9343 | D:13     | Reached skill level 10 in Invocations
  9353 | D:13     | Killed a centaur warrior
  9764 | D:13     | Reached XP level 13. HP: 59/124 MP: 5/5
 10058 | Lair:1   | Entered Level 1 of the Lair of Beasts
 10739 | Lair:2   | Found a hole to the Spider Nest.
 11654 | Lair:3   | Found a staircase to the Shoals.
 12249 | D:14     | Reached skill level 13 in Axes
 12264 | D:14     | Reached skill level 10 in Armour
 12286 | D:14     | Reached skill level 10 in Shields
 12475 | D:14     | Found a gate to the Vaults.
 12798 | D:14     | Gained mutation: You resist negative energy. (rN+) [Deep
                  | Dwarf growth]
 12798 | D:14     | Reached XP level 14. HP: 107/136 MP: 5/5
 12965 | D:15     | Entered Level 15 of the Dungeon
 13200 | D:15     | Reached skill level 14 in Axes
 13244 | D:15     | Noticed Agnes
 13264 | D:15     | Killed Agnes
 13393 | D:15     | Found a staircase to the Depths.
 13780 | D:10     | Bought an uncursed ring of poison resistance for 220 gold
                  | pieces
 13849 | Spider:1 | Entered Level 1 of the Spider Nest
 13849 | Spider:1 | Noticed Jorgrun
 13850 | Spider:1 | Noticed Asterion
 13858 | Spider:1 | Noticed an Executioner
 13871 | Lair:2   | Killed Jorgrun
 13881 | Lair:2   | Killed Asterion
 13928 | Spider:1 | Noticed an entropy weaver
 13950 | Spider:1 | Killed an entropy weaver
 13979 | Spider:2 | Reached XP level 15. HP: 146/146 MP: 3/3
 14378 | Spider:3 | Reached skill level 15 in Axes
 14391 | Spider:4 | Entered Level 4 of the Spider Nest
 14391 | Spider:4 | Noticed Aizul
 14392 | Spider:4 | Noticed Donald
 14404 | Spider:4 | HP: 7/147 [Aizul/poison arrow (12)]
 14404 | Spider:4 | Killed from afar by a green death

Levels and vault maps discovered:
D:1:      dpeg_arrival_fog, layout_loops_cross
D:2:      layout_basic, okawaru_metal_pillars_1_2, marbit_many_paths,
          uniq_crazy_yiuf_cottage
D:3:      layout_loops_ring, lemuel_coloured_pillars_altar,
          makhleb_grotto_becter, minivault_25, makhleb_blood_cavern_becter
D:4:      layout_basic, serial_shops, shop_fountains, uniq_sigmund, uniq_robin
D:5:      minmay_spotlight, layout_basic, first_ration, uniq_eustachio
D:6:      layout_basic, gammafunk_temple_overflow_elements,
          minmay_temple_entry_steel_oval, serial_shops,
          nicolae_shop_behind_doors
D:7:      layout_basic, evilmike_ruin_ashenzari
D:8:      layout_cave_pools, blue_anna_alchemist [blue_anna_fruit_fields,
          blue_anna_fruit_fields], uniq_grum
D:9:      layout_basic, tgw_trog, hiddenorc2_lemuel, minmay_misc_feat_room
D:10:     layout_layer_cave, due_lair_maze_entry_diamond, serial_shops, shop,
          shop, hangedman_feature_mirror, fedhas_altar_4
D:11:     layout_roguey
D:12:     layout_irregular_city, lemuel_angel_altar, uniq_josephine,
          uniq_rupert, uniq_urug
D:13:     layout_long_grid
D:14:     layout_small_grid, david_vaults_4
D:15:     grunt_enter_depths_hoard, layout_cave_pools,
          hangedman_decor_cross_pass, uniq_agnes
Lair:1:   layout_chaotic_city
Lair:2:   layout_chaotic_city, nicolae_spider_entry_non_spiders,
          lemuel_old_faithful, infiniplex_staircase_pool
Lair:3:   layout_gridlike, elwin_shoals_entry_stream, serial_bayou_shore_b,
          grunt_megastairs_5, minmay_lair_oklob_chamber
Spider:1: layout_spider_delve, drop_trap, uniq_jorgrun, uniq_asterion
Spider:2: layout_spider_delve
Spider:3: layout_chambers, uniq_arachne
Spider:4: grunt_spider_rune_circles, uniq_louise, uniq_aizul, uniq_donald,
          uniq_roxanne
Orc:1:    nicolae_orc_accident_3, layout_caves, uniq_sonja, uniq_snorg

Skill      XL: |  1  2  3  4  5  6  7  8  9 10 11 12 13 14 15 |
---------------+----------------------------------------------+-----
Fighting       | 3 4 5 6 7 8 9 10 11 12 13 | 13.0
Dodging        | 1 2 3 4 5 6 7 8 |  8.1
Axes           | 3 4 5 6 8 9 11 12 13 14 15 | 15.0
Shields        | 4 5 6 7 8 9 10 11 | 11.2
Armour         | 4 5 6 7 8 9 10 11 | 11.3
Invocations    | 1 2 3 4 6 7 8 10 12 14 | 14.8

Action                   |  1- 3 |  4- 6 |  7- 9 | 10-12 | 13-15 || total
-------------------------+-------+-------+-------+-------+-------++-------
Melee: War axe           |    57 |   187 |   521 |   473 |    21 ||  1259
       Broad axe         |       |       |       |   314 |   566 ||   880
Invok: Lesser Servant of |       |       |       |     2 |    11 ||    13
       Greater Servant o |       |       |       |       |     3 ||     3
 Abil: Heal Wounds       |     1 |     9 |    11 |    22 |    26 ||    69
  Use: Scroll            |       |       |     7 |    20 |    13 ||    40
       Potion            |       |       |       |     2 |     2 ||     4
 Stab: Invisible         |       |       |       |     3 |       ||     3
       Distracted        |       |       |       |       |     2 ||     2
       Confused          |       |       |       |       |     1 ||     1
  Eat: Chunk             |       |     1 |    13 |    17 |    16 ||    47
       Ration            |       |       |       |     1 |       ||     1
Armor: Scale mail        |    45 |    10 |       |       |       ||    55
       Chain mail        |       |    71 |   175 |   142 |   519 ||   907
       Plate armour      |       |       |   227 |   314 |       ||   541
Dodge: Dodged            |    31 |    29 |   208 |   256 |   340 ||   864
       Deflected         |       |       |       |       |     1 ||     1
Block: Kite shield       |    43 |    84 |   395 |   484 |   530 ||  1536

Table legend:
 A = Non-vault XP
 B = Vault XP
 C = Vault XP percentage of total XP
 D = Non-vault monster count
 E = Vault monster count
 F = Vault count percentage of total count
                 A         B        C        D         E       F
            +---------+---------+-------+---------+---------+-------
      Total |   98709 |   23882 |  19.5 |     570 |     115 |  16.8
            +---------+---------+-------+---------+---------+-------
        D:2 |      13 |       0 |   0.0 |       8 |       0 |   0.0
        D:3 |     240 |      90 |  27.3 |      31 |       2 |   6.1
        D:4 |     514 |     277 |  35.0 |      15 |      14 |  48.3
        D:5 |     342 |     345 |  50.2 |      14 |       4 |  22.2
        D:6 |    1073 |       0 |   0.0 |      28 |       0 |   0.0
        D:7 |    1212 |       0 |   0.0 |      44 |       0 |   0.0
        D:8 |    1466 |     501 |  25.5 |      23 |       4 |  14.8
        D:9 |    5239 |     375 |   6.7 |      43 |      37 |  46.2
       D:10 |     715 |    1312 |  64.7 |      12 |      12 |  50.0
       D:11 |    5937 |       0 |   0.0 |      37 |       0 |   0.0
       D:12 |    3338 |    5813 |  63.5 |      21 |       7 |  25.0
       D:13 |    5700 |       0 |   0.0 |      25 |       0 |   0.0
       D:14 |   11779 |    1957 |  14.2 |      42 |       3 |   6.7
       D:15 |   19106 |    3576 |  15.8 |      55 |       3 |   5.2
     Lair:1 |    5032 |       0 |   0.0 |      21 |       0 |   0.0
     Lair:2 |    1358 |    5320 |  79.7 |       6 |      10 |  62.5
     Lair:3 |    2859 |    3240 |  53.1 |      10 |      11 |  52.4
   Spider:1 |    9050 |       0 |   0.0 |      26 |       0 |   0.0
   Spider:2 |   13057 |       0 |   0.0 |      33 |       0 |   0.0
   Spider:3 |    6038 |       0 |   0.0 |      17 |       0 |   0.0
   Spider:4 |    1761 |       0 |   0.0 |       9 |       0 |   0.0
      Orc:1 |    2880 |    1076 |  27.2 |      50 |       8 |  13.8
            +---------+---------+-------+---------+---------+-------
